 Dungeon Crawl Stone Soup version 0.27-a0-1202-ge72e49191c (webtiles) character file.

Game seed: 1788527897929556211

21613 Rohain the Grappler (level 12, -1/123 HPs)
             Began as a Troll Monk on June 3, 2021.
             Was a Priest of the Shining One.
             Slain by a six-headed hydra (5 damage)
             ... on level 5 of the Lair of Beasts.
             The game lasted 00:14:43 (9567 turns).

Rohain the Grappler (Troll Monk)                    Turns: 9567, Time: 00:14:44

Health: -1/123     AC:  8    Str: 25    XL:     12   Next: 55%
Magic:  11/11      EV: 13    Int:  6    God:    the Shining One [***...]
Gold:   814        SH:  0    Dex: 13    Spells: 11/11 levels left

rFire    . . .     SeeInvis .     - Unarmed
rCold    . . .     Faith    .   (no shield)
rNeg     + . .     Spirit   .   c - +0 acid dragon scales
rPois    .         Reflect  .   (helmet restricted)
rElec    .         Harm     .   (no cloak)
rCorr    +         Rampage  .   (gloves unavailable)
Will     +....                  (boots unavailable)
Stlth    +.........             (no amulet)
HPRegen  1.30/turn              (no ring)
MPRegen  0.12/turn              (no ring)

@: marked, glowing
A: large, unfitting armour, claws 3, regeneration 1, shaggy fur 1, tough skin 1,
strong-willed 1
a: Renounce Religion, Divine Shield


You were on level 5 of the Lair of Beasts.
You worshipped the Shining One.
The Shining One was most pleased with you.
You visited 3 branches of the dungeon, and saw 15 of its levels.

You collected 814 gold pieces.

Inventory:

Hand Weapons
 x - the +8 lance "Wyrmbane" {slay drac, rPois rF+ rC+ AC+3}
   (You found it on level 1 of the Lair of Beasts)

   It affects your AC (+3).
   It protects you from fire.
   It protects you from cold.
   It protects you from poison.
 C - the +9 whip "Grom" {flame, SInv}
   (You found it on level 4 of the Lair of Beasts)

   It has been specially enchanted to burn those struck by it, causing extra
   injury to most foes and up to half again as much damage against particularly
   susceptible opponents.
   It lets you see invisible.
Missiles
 q - a throwing net (quivered)
Armour
 a - a +1 robe
 c - +0 acid dragon scales (worn)
Jewellery
 u - an amulet of magic regeneration
Wands
 e - a wand of polymorph (6)
 i - a wand of iceblast (11)
 n - a wand of flame (22)
 r - a wand of acid (6)
Scrolls
 b - a scroll of enchant weapon
 d - 7 scrolls of teleportation
 g - a scroll of amnesia
 h - 4 scrolls of magic mapping
 j - a scroll of summoning
 m - a scroll of holy word
 o - 5 scrolls of identify
 s - a scroll of noise
 t - a scroll of immolation
 w - a scroll of enchant armour
 y - a scroll of acquirement {unknown}
Potions
 f - a potion of attraction
 k - a potion of might
 l - 2 potions of lignification
 p - 2 potions of ambrosia
 v - a potion of berserk rage
 z - a potion of brilliance
 A - a potion of haste
 B - a potion of flight


   Skills:
 + Level 9.1 Fighting
 + Level 9.3 Dodging
 - Level 1.9 Stealth
 * Level 14.6 Unarmed Combat


You had 11 spell levels left.
You didn't know any spells.
Your spell library contained the following spells:

 Spells                   Type           Power      Damage    Failure   Level
 Animate Skeleton         Necr           0%         N/A       52%         1
 Apportation              Tloc           0%         N/A       52%         1
 Beastly Appendage        Tmut           0%         N/A       52%         1
 Corona                   Hex            0%         N/A       52%         1
 Summon Small Mammal      Summ           0%         N/A       52%         1
 Wereblood                Tmut           0%         N/A       67%         2
 Spider Form              Tmut/Pois      0%         N/A       88%         3
 Ice Form                 Ice/Tmut       0%         N/A       99%         4
 Hydra Form               Tmut           0%         N/A       100%        5
 Irradiate                Conj/Tmut      0%         3d13      100%        5
 Blade Hands              Tmut           0%         N/A       100%        6
 Statue Form              Tmut/Erth      0%         N/A       100%        6
 Dragon Form              Tmut           0%         N/A       100%        7


Dungeon Overview and Level Annotations

Branches:
Dungeon (8/15)             Temple (1/1) D:7            Lair (6/6) D:8
 Shoals (0/4) Lair:4       Spider (0/4) Lair:3
  Slime: Lair:5-6

Altars:
Ashenzari
Cheibriados
Dithmenos
Fedhas
Gozag
Hepliaklqana
Kikubaaqudgha
Makhleb
Nemelex Xobeh
Okawaru
Qazlal
Sif Muna
Trog
Uskayaw
Vehumet
Wu Jian
Xom
Yredelemnul
Zin
The Shining One

Shops:
D:1 (?   D:4 (

Portals:
Ice
Cave: Lair:5


Innate Abilities, Weirdness & Mutations

You are too large for most types of armour.
You have claws for hands.
Your natural rate of healing is unusually fast.
You are covered in fur. (AC +1)
You have tough skin. (AC +1)
You are strong-willed. (Will+)


Message History

The six-headed hydra bites you! x2
The six-headed hydra closely misses you.
The six-headed hydra bites you. The six-headed hydra barely misses you.
The six-headed hydra bites you.
The water moccasin bites you but does no damage.
The six-headed hydra bites you!
The six-headed hydra closely misses you.
The six-headed hydra barely misses you. The six-headed hydra bites you!
The six-headed hydra bites you. x2
A cane toad comes into view.
A yak comes into view.
The six-headed hydra bites you but does no damage. x2
The six-headed hydra closely misses you. x2
The six-headed hydra bites you!
The six-headed hydra bites you but does no damage.
A yak comes into view.
A yak comes into view.
There is a stone staircase leading up here.
The six-headed hydra bites you! x2; The six-headed hydra misses you.
The six-headed hydra bites you!
* * * LOW HITPOINT WARNING * * *
The six-headed hydra barely misses you. The six-headed hydra bites you.
* * * LOW HITPOINT WARNING * * *
You climb upwards.
You feel a wave of frost pass over you.
There is an entrance to an ice cave on this level.
Hurry and find it before the portal melts!
The cane toad gives a loud, deep croak!
You hear an angry hiss.
Found a frozen archway.
There is a stone staircase leading down here.
The six-headed hydra bites you.
* * * LOW HITPOINT WARNING * * *
The six-headed hydra bites you!
* * * LOW HITPOINT WARNING * * *
The six-headed hydra closely misses you.
The six-headed hydra bites you.
* * * LOW HITPOINT WARNING * * *
The six-headed hydra bites you!
* * * LOW HITPOINT WARNING * * *
The six-headed hydra bites you.
You die...

F....... ......
...P. # ##
P...# #.#.#
#...#
.#..P##...#
......#..#
..#..#D>.#
......P@.#
#.∩.#....#
...........
..#..........
..............
..##...#P......
.# #### #......
......


You could see a six-headed hydra.

Vanquished Creatures
  A boulder beetle (Lair:3)
  A catoblepas (Lair:2)
  A two-headed ogre (D:6)
  A lindwurm (Lair:3)
  4 black mambas
  9 cane toads
  6 elephants (Lair:3)
  A torpor snail (Lair:1)
  Maggie (D:7)
  10 komodo dragons
  3 rime drakes
  A hornet (D:8)
  7 blink frogs
  5 yaks
  2 wyverns
  Eustachio (D:5)
  Grum (D:8)
  A steam dragon (D:8)
  An acid dragon (D:6)
  15 water moccasins
  A hell hound (Lair:6)
  2 orc warriors
  2 sky beasts
  2 black bears
  An ice beast (D:7)
  2 ogres
  9 wolves
  2 necrophages
  3 centaurs
  2 phantoms
  A wyvern zombie (D:7)
  A gnoll sergeant (D:6)
  16 bullfrogs
  5 scorpions
  A water moccasin zombie (D:6)
  A wyvern skeleton (D:7)
  A water moccasin skeleton (D:4)
  3 killer bees (D:8)
  2 howler monkeys (D:6)
  3 centaur zombies
  2 lava snakes (Lair:6)
  2 orc priests (D:8)
  4 hounds
  2 bullfrog skeletons (D:6)
  2 centaur skeletons
  7 orc wizards
  3 iguanas
  A howler monkey zombie (D:6)
  9 adders
  A shadow imp (D:8)
  2 ufetubi (D:6)
  3 worms
  3 dart slugs
  20 orcs
  7 endoplasms
  6 giant cockroaches
  8 goblins
  7 hobgoblins
  13 jackals
  2 kobolds
  7 quokkas
  8 ball pythons
  15 bats
  A frilled lizard (D:1)
  4 rats
  A butterfly (Lair:3)
272 creatures vanquished.

Vanquished Creatures (others)
  An elephant (Lair:6)
  A yak (Lair:6)
  5 fungi
  7 plants
14 creatures vanquished.

Grand Total: 286 creatures vanquished

Notes
Turn   | Place    | Note
-------+----------+-------------------------------------------
     0 | D:1      | Rohain the Troll Monk began the quest for the Orb.
     0 | D:1      | Reached XP level 1. HP: 22/22 MP: 0/0
    61 | D:1      | Reached XP level 2. HP: 29/29 MP: 1/1
    73 | D:1      | Found Lidirinomi's Magic Scroll Shop.
    90 | D:1      | Found Enoeg's Weapon Emporium.
   355 | D:1      | Reached XP level 3. HP: 36/36 MP: 2/2
  1017 | D:2      | Reached XP level 4. HP: 34/44 MP: 3/3
  1349 | D:2      | Reached skill level 4 in Unarmed Combat
  1555 | D:3      | Found a faded altar of an unknown god.
  1647 | D:3      | Found an iron altar of Okawaru.
  2164 | D:4      | Gained mutation: Potions are less effective at restoring
                  | your health. [potion of mutation]
  2165 | D:4      | Lost mutation: Potions are less effective at restoring your
                  | health. [potion of mutation]
  2165 | D:4      | Gained mutation: You are strong-willed. (Will+) [potion of
                  | mutation]
  2182 | D:4      | Noticed a necrophage
  2220 | D:4      | Killed a necrophage
  2221 | D:4      | Reached XP level 5. HP: 52/53 MP: 4/4
  2286 | D:4      | Found a stormy altar of Qazlal.
  2338 | D:4      | Noticed a black bear
  2356 | D:4      | Killed a black bear
  2357 | D:4      | Reached skill level 5 in Unarmed Combat
  2357 | D:4      | Reached XP level 6. HP: 14/61 MP: 5/5
  2536 | D:4      | Found a blossoming altar of Fedhas.
  2767 | D:4      | Found Uzxal's Antique Weapon Boutique.
  2811 | D:5      | Entered Level 5 of the Dungeon
  2831 | D:5      | Noticed Eustachio
  2882 | D:5      | Killed Eustachio
  2883 | D:5      | Reached skill level 6 in Unarmed Combat
  2883 | D:5      | Reached XP level 7. HP: 45/67 MP: 6/6
  3031 | D:5      | Found a glowing silver altar of Zin.
  3092 | D:5      | Found a shadowy altar of Dithmenos.
  3642 | D:6      | Noticed a two-headed ogre
  3674 | D:6      | Killed a two-headed ogre
  3675 | D:6      | Reached skill level 5 in Dodging
  3675 | D:6      | Reached skill level 8 in Unarmed Combat
  3675 | D:6      | Reached XP level 8. HP: 74/79 MP: 7/7
  3884 | D:6      | Found a glowing golden altar of the Shining One.
  3889 | D:6      | Found an opulent altar of Gozag.
  3889 | D:6      | Found an ancient bone altar of Kikubaaqudgha.
  3950 | D:6      | Found a hide-covered altar of Uskayaw.
  3953 | D:6      | Found a burning altar of Makhleb.
  4001 | D:6      | Reached skill level 5 in Fighting
  4001 | D:6      | Reached XP level 9. HP: 88/88 MP: 8/8
  4029 | D:6      | Reached skill level 9 in Unarmed Combat
  4529 | D:7      | Found a staircase to the Ecumenical Temple.
  4540 | D:7      | Reached skill level 10 in Unarmed Combat
  4551 | Temple   | Entered the Ecumenical Temple
  4686 | D:6      | Became a worshipper of the Shining One
  4686 | D:6      | Reached * piety under the Shining One
  4686 | D:6      | Reached ** piety under the Shining One
  4758 | D:7      | Noticed Maggie
  4766 | D:7      | Killed Maggie
  5180 | D:8      | Reached XP level 10. HP: 93/98 MP: 9/9
  5195 | D:8      | Paralysed by a hornet for 3 turns
  5280 | D:8      | Noticed Grum
  5291 | D:8      | Identified the +0 pair of boots of Card Tricks {rElec rN+++
                  | rCorr Stlth-}
  5305 | D:8      | Killed Grum
  5386 | D:8      | Reached skill level 11 in Unarmed Combat
  5839 | D:8      | Found a staircase to the Lair.
  5903 | Lair:1   | Entered Level 1 of the Lair of Beasts
  6123 | Lair:1   | Noticed a cane toad
  6132 | Lair:1   | Killed a cane toad
  6618 | Lair:1   | Found the +8 lance "Wyrmbane" {slay drac, rPois rF+ rC+
                  | AC+3}
  6736 | Lair:2   | Noticed a torpor snail
  6737 | Lair:2   | Noticed a cane toad
  6737 | Lair:2   | Reached *** piety under the Shining One
  6745 | Lair:1   | Reached skill level 12 in Unarmed Combat
  6796 | Lair:1   | Killed a torpor snail
  6922 | Lair:1   | Reached XP level 11. HP: 100/109 MP: 10/10
  7211 | Lair:2   | Noticed a catoblepas
  7225 | Lair:2   | Killed a catoblepas
  7441 | Lair:2   | Reached skill level 13 in Unarmed Combat
  8158 | Lair:3   | Noticed a lindwurm
  8169 | Lair:3   | Killed a lindwurm
  8269 | Lair:3   | Found an ornate altar of the Wu Jian Council.
  8269 | Lair:3   | Found a hide-covered altar of Uskayaw.
  8269 | Lair:3   | Noticed a boulder beetle
  8286 | Lair:3   | Killed a boulder beetle
  8287 | Lair:3   | Reached XP level 12. HP: 75/122 MP: 11/11
  8385 | Lair:3   | Reached skill level 14 in Unarmed Combat
  8602 | Lair:3   | Found a hole to the Spider Nest.
  9084 | Lair:4   | Found a staircase to the Shoals.
  9325 | Lair:4   | Identified the +9 whip "Grom" {flame, SInv}
  9440 | Lair:4   | You fall into a shaft and drop 2 floors!
  9440 | Lair:6   | Entered Level 6 of the Lair of Beasts
  9460 | Lair:6   | Noticed a five-headed hydra
  9556 | Lair:6   | Noticed a five-headed hydra
  9566 | Lair:5   | Found a frozen archway.
  9567 | Lair:5   | HP: 4/123 [six-headed hydra (9)]
  9567 | Lair:5   | Slain by a six-headed hydra

Illustrated notes

Levels and vault maps discovered:
D:1:      lightli_arrival_quake, layout_basic, serial_shops,
          nicolae_shop_statue_plus, shop
D:2:      layout_loops_ring
D:3:      layout_basic, lemuel_crystal_altar, ebering_ecumenical_altar_rust
D:4:      layout_basic, nicolae_overflow_hidden_temple,
          nicolae_overflow_crystal_walls, serial_shops, nicolae_shop_stone
D:5:      layout_layer_cave, zin_statuary, nicolae_dithmenos_shadow_blocks,
          uniq_eustachio
D:6:      layout_cave_pools, minitemple, roderic_batcave, nzn_random_ring
D:7:      layout_gridville, minmay_temple_entry_junction, uniq_maggie
D:8:      layout_loops_ring, grunt_lair_entry_orc_guard_hut, uniq_grum
Temple:   eino_wide_crystal_templ
Lair:1:   layout_concentric_octagons
Lair:2:   layout_gridlike, lemuel_fruit_fields
Lair:3:   layout_roguey, nicolae_spider_entry_non_spiders,
          nicolae_volcano_entry_hallway, nzn_masters_of_martial_movement,
          grunt_megastairs_3, lemuel_fruit_fields
Lair:4:   layout_small_grid, elwin_shoals_entry_rocks, ebering_ghost_inner_flame
Lair:5:   layout_small_grid, portal_ice_cave_entry_pillars_1,
          kennysheep_catoblepas_arena, lemuel_fruit_tree
Lair:6:   cheibrodos_lair_end_hotspot, layout_gridlike,
          nicolae_slime_entry_slimehenge, grunt_forest_small_clearings

Skill      XL: |  1  2  3  4  5  6  7  8  9 10 11 12 |
---------------+-------------------------------------+-----
Dodging        | 3 5 6 7 8 9 |  9.3
Unarmed Combat | 4 5 6 8 10 12 13 14 | 14.6
Fighting       | 3 4 5 6 7 8 9 |  9.1
Stealth        | |  1.9

Action                   |  1- 3 |  4- 6 |  7- 9 | 10-12 || total
-------------------------+-------+-------+-------+-------++-------
Melee: Unarmed           |   135 |   129 |   256 |   366 ||   886
       Punch             |     1 |     1 |     8 |    23 ||    33
  Use: Scroll            |     4 |     4 |     4 |     9 ||    21
       Potion            |       |     2 |     6 |     5 ||    13
 Stab: Sleeping          |     2 |     5 |     1 |       ||     8
       Distracted        |       |     1 |     1 |       ||     2
Armor: Robe              |    52 |    53 |    39 |       ||   144
       Acid dragon scale |       |       |    84 |   107 ||   191
Dodge: Dodged            |    78 |    75 |   185 |   205 ||   543

Table legend: (Time is in decaauts)
 A = Elapsed time spent in this place.
 B = Non-inter-level travel time spent in this place.
 C = Inter-level travel time spent in this place.
 D = Time resting spent in this place.
 E = Time spent auto-exploring this place.
 F = Levels seen in this place.
 G = Mean time per level.
                   A        B        C        D        E       F      G
               +--------+--------+--------+--------+--------+-----+--------+
         Total |   9439 |   9011 |    428 |    608 |   6634 |  15 |  629.3 |
       Dungeon |   5735 |   5465 |    270 |    220 |   4096 |   8 |  716.9 |
        Temple |     91 |     68 |     23 |      0 |     68 |   1 |   91.0 |
          Lair |   3612 |   3478 |    134 |    388 |   2470 |   6 |  602.0 |
               +--------+--------+--------+--------+--------+-----+--------+

Top non-repeatable levels by time:
  Lair:3: 1205 daAuts
  Lair:1: 1068 daAuts
     D:6: 929 daAuts
  Lair:2: 920 daAuts
     D:1: 858 daAuts
     D:8: 729 daAuts
     D:5: 669 daAuts
     D:4: 665 daAuts
     D:2: 655 daAuts
     D:3: 633 daAuts
     D:7: 593 daAuts
  Lair:4: 296 daAuts
  Lair:6: 121 daAuts
  Temple: 91 daAuts
  Lair:5: 0 daAuts
